cohdb
Replays
Latest Replays
All Replays
Popular Replays
Top Player Replays
Match Explorer
How It Works
Community
CoH3 Stats
Reddit
Sign in to upload your games and track your stats! →
Sign in with Steam
ZTT001 vs Tightrope Amazing pj killed sniper
Match 16337289
Overview
Messages
Build Orders
End
Kradschützen Motorcycle Team
Panzergrenadier Squad
Panzergrenadier Squad
Construct Light Support Kompanie
Construct Light Support Kompanie
Assault Grenadier Squad
Construct Mechanized Kompanie
2.5-tonne Medical Truck
Assault Mechanized Group
Veteran Squad Leaders
Selects Italian Combined Arms Battlegroup
Selects Semovente da 75/18 Assault Gun
Selects Carro Armato M13/40 Light Tank
Selects Bersaglieri Squad
Vehicle Survival Package
Selects Pact of Steel
Carro Armato M13/40 Light Tank
Carro Armato M13/40 Light Tank
Selects Vehicle Support - Secure Location
Carro Armato M13/40 Light Tank
天师傅
tightrope
0
0
Comments
sign in to comment!
No comments posted yet!